Coyotes vs Predators
(R1)
Created - 21 janvier 2013 at 19:05
Goals
|
| Coyotes |
0 |
4 |
2 |
6 |
| Predators |
0 |
3 |
1 |
4 |
|
Shots
|
| Coyotes |
4 |
12 |
8 |
24 |
| Predators |
13 |
13 |
9 |
35 |
|
1st period
No Goal
Penalties :
Richard Park (Nas) for Tripping (Minor) at 1:15, Jay Bouwmeester (Pho) for Holding Stick (Minor) at 6:30, Chad Larose (Pho) for Tripping (Minor) at 12:14, Frans Nielsen (Pho) for Slashing (Minor) at 15:41, Marian Gaborik (Pho) for Hooking (Minor) at 19:12
2nd period
1. Coyotes , Chad Larose 5 (Denis Grebeshkov) at 3:23
2. Predators , Mike Ribeiro 11 (Alexander Steen) at 3:29
3. Coyotes , Jay Bouwmeester 1 (Marian Gaborik, Jean-Sébastien Giguère) at 9:23 (PP)
4. Coyotes , Frans Nielsen 13 (Sergei Samsonov) at 9:59 (PP)
5. Predators , Todd White 4 (Richard Park) at 14:18
6. Predators , Mike Sillinger 13 (Alexander Ovechkin, Adrian Aucoin) at 17:14 (PP)
7. Coyotes , Tim Connolly 7 (Marian Gaborik, Tom Poti) at 19:20 (PP)
Penalties :
Jay Bouwmeester (Pho) for Tripping (Minor) at 3:38, Mariusz Czerkawski (Nas) for Interference (Minor) at 5:55, Alexander Ovechkin (Nas) for Hooking (Minor) at 9:05, Oleg Saprykin (Nas) for Hooking (Minor) at 9:11, Christian Ehrhoff (Pho) for Hooking (Minor) at 11:47, Joe Thornton (Nas) for Fighting (Major) at 16:20, Jamal Mayers (Pho) for Fighting (Major) at 16:20, Chad Larose (Pho) for Holding (Minor) at 17:04, Kent Huskins (Nas) for Holding Stick (Minor) at 18:23
3rd period
8. Coyotes , Tom Poti 3 (Tim Connolly, Marian Gaborik) at 1:31 (PP)
9. Predators , Jean-Pierre Dumont 7 (Alexander Steen, Barret Jackman) at 11:34
10. Coyotes , Marian Gaborik 22 (Brenden Morrow, Tom Poti) at 17:54
Penalties :
Paul Mara (Nas) for Tripping (Minor) at 1:15, Joe Thornton (Nas) for Boarding (Minor) at 3:40, Drew Miller (Pho) for Roughing (Minor) at 5:48, Denis Grebeshkov (Pho) for Hooking (Minor) at 15:44, Jay Bouwmeester (Pho) for Hooking (Minor) at 18:05
Goalie Stats
Jean-Sébastien Giguère (Pho), 31 saves from 35 shots - (0,886), W, 13-14-2, 60:00 minutes
Nikolai Khabibulin (Nas), 6 saves from 7 shots - (0,857), 18:29 minutes
Rick DiPietro (Nas), 12 saves from 17 shots - (0,706), L, 12-8-2, 41:31 minutes
Players Stats for Coyotes
Player Name G A P +/- PIM S H SB GA TA FO MP PP MP PK MP
------------------------------------------------------------------------------------
Brenden Morrow 0 1 1 -1 0 0 1 2 0 0 1/1 20:38 5:01 3:16
Chad Larose 1 0 1 1 4 4 0 0 0 0 8/19 16:51 0:00 8:30
Christian Ehrhoff 0 0 0 -2 2 1 2 0 0 1 0/0 21:27 4:18 2:26
Craig Adams 0 0 0 0 0 0 2 0 0 0 0/2 17:13 0:00 10:00
Denis Grebeshkov 0 1 1 0 2 0 1 0 0 0 0/0 17:09 3:46 2:01
Drew Miller 0 0 0 0 2 3 0 1 0 0 0/0 11:25 0:00 4:56
Frans Nielsen 1 0 1 -1 2 3 3 0 0 1 4/11 19:11 3:03 7:11
Jamal Mayers 0 0 0 -1 5 1 0 0 0 0 0/1 9:26 3:03 0:00
Jay Bouwmeester 1 0 1 -1 6 4 1 3 2 0 0/0 26:53 4:18 7:08
Jiri Fischer 0 0 0 0 0 0 1 1 0 0 0/0 16:35 0:00 8:22
Kurt Sauer 0 0 0 0 0 0 0 0 0 1 0/0 13:32 0:00 5:15
Marian Gaborik 1 3 4 -1 2 3 1 1 0 0 0/0 17:02 5:01 0:00
Maxim Lapierre 0 0 0 0 0 0 1 0 0 0 0/3 8:14 0:00 1:56
Pavel Brendl 0 0 0 1 0 0 0 0 1 0 0/0 6:21 0:00 0:00
Riley Cote 0 0 0 1 0 0 1 0 0 0 0/0 6:21 0:00 0:00
Sergei Samsonov 0 1 1 -1 0 1 1 1 0 0 0/0 10:52 3:03 0:00
Tim Connolly 1 1 2 -1 0 2 1 1 0 0 13/31 17:35 5:01 0:03
Tom Poti 1 2 3 1 0 2 1 5 0 0 0/0 25:08 3:46 10:40
Players Stats for Predators
Player Name G A P +/- PIM S H SB GA TA FO MP PP MP PK MP
------------------------------------------------------------------------------------
Adrian Aucoin 0 1 1 1 0 4 3 2 0 1 0/0 31:31 10:24 5:20
Alexander Ovechkin 0 1 1 -1 2 4 2 0 1 0 1/1 23:46 9:53 1:51
Alexander Steen 0 2 2 2 0 3 1 0 0 1 0/0 16:02 8:03 0:00
Barret Jackman 0 1 1 0 0 0 0 0 0 0 0/0 9:13 0:00 2:44
Chris Simon 0 0 0 0 0 0 1 0 0 0 0/0 6:05 0:00 0:00
Janne Niinimaa 0 0 0 0 0 0 1 1 1 0 0/0 19:16 7:32 0:00
Jean-Pierre Dumont 1 0 1 2 0 4 1 0 0 0 0/0 19:12 9:39 2:02
Joe Thornton 0 0 0 -1 7 6 3 0 0 1 20/32 20:40 9:34 1:00
Kent Huskins 0 0 0 0 2 4 1 0 1 0 0/0 22:01 7:32 2:44
Mariusz Czerkawski 0 0 0 0 2 0 1 1 0 0 0/0 7:35 0:00 0:00
Mikael Samuelsson 0 0 0 -1 0 1 0 0 0 0 2/3 20:25 7:40 0:00
Mike Ribeiro 1 0 1 2 0 3 3 0 0 0 6/11 16:25 8:03 0:23
Mike Sillinger 1 0 1 0 0 2 0 0 0 0 10/15 14:31 0:47 4:12
Oleg Saprykin 0 0 0 0 2 1 0 0 0 0 0/1 11:25 0:09 3:38
Paul Mara 0 0 0 0 2 0 1 0 0 0 0/0 6:26 0:00 0:00
Richard Park 0 1 1 0 2 0 0 0 0 0 0/0 6:20 0:00 0:00
Robyn Regehr 0 0 0 1 0 1 0 3 0 0 0/0 31:31 10:24 5:20
Todd White 1 0 1 0 0 2 0 0 0 0 3/5 9:24 0:00 3:01
3 Stars
1 - Tom Poti (Pho)
2 - Marian Gaborik (Pho)
3 - Mike Ribeiro (Nas)
Power Play
Coyotes - 4 on 7 Attempt(s) - 57,14%
Predators - 1 on 10 Attempt(s) - 10,00%
Penalty Kill
Coyotes - 9 on 10 Attempt(s) - 90,00%
- Score 0 goal in Penalty Kill
Predators - 3 on 7 Attempt(s) - 42,86%
- Score 0 goal in Penalty Kill
Official
Referees : Peel Tim and Jackson Dave
Linesman : Greg Devorski and David Brisebois
Game Notes
Joe Thornton and Jamal Mayers fight to a draw at 16:20 of 2nd period
Nikolai Khabibulin enters game at 1:31 of 3rd period
11:34 of 3rd period - Predators goal is going for a video replay. After video review, Goal.
13:31 of 3rd period - Predators goal is going for a video replay. After video review, No Goal. The puck has been directed, batted or thrown into the net by an attacking player other than with a stick.
Finance
Level 1 -- Attendance: 4706 (78,43%) -- Ticket Income 465 894 $
Level 2 -- Attendance: 4103 (82,06%) -- Ticket Income 242 077 $
Level 3 -- Attendance: 1901 (95,05%) -- Ticket Income 60 832 $
Level 4 -- Attendance: 3535 (88,38%) -- Ticket Income 70 700 $
Luxury Box -- Attendance: 766 (76,60%) -- Ticket Income 153 200 $
Game was played at the Wildcat center
Total Attendance: 15011 (83,39%)
Total Ticket Income: 992 703 $
Total Income: 992 703 $
Coyotes
5 vs 5 Forward
Center Left Wing Right Wing Time % Phy DF OF
1 Tim Connolly Brenden Morrow Marian Gaborik 40 1 2 2
2 Frans Nielsen Sergei Samsonov Jamal Mayers 30 1 2 2
3 Maxim Lapierre Drew Miller Craig Adams 20 1 2 2
4 Chad Larose Riley Cote Pavel Brendl 10 1 2 2
5 vs 5 Defense
Defense Defense Time % Phy DF OF
1 Jay Bouwmeester Christian Ehrhoff 40 1 2 2
2 Denis Grebeshkov Tom Poti 30 1 2 2
3 Kurt Sauer Jiri Fischer 20 1 2 2
4 Jay Bouwmeester Christian Ehrhoff 10 1 2 2
PowerPlay Forward
Center Left Wing Right Wing Time % Phy DF OF
1 Tim Connolly Brenden Morrow Marian Gaborik 60 1 2 2
2 Frans Nielsen Sergei Samsonov Jamal Mayers 40 1 2 2
PowerPlay Defense
Defense Defense Time % Phy DF OF
1 Jay Bouwmeester Christian Ehrhoff 60 1 2 2
2 Denis Grebeshkov Tom Poti 40 1 2 2
Penalty Kill 4 Players Forward
Center Wing Time % Phy DF OF
1 Chad Larose Craig Adams 60 1 2 2
2 Frans Nielsen Drew Miller 40 1 2 2
Penalty Kill 4 Players Defense
Defense Defense Time % Phy DF OF
1 Jay Bouwmeester Tom Poti 60 1 2 2
2 Kurt Sauer Jiri Fischer 40 1 2 2
Penalty Kill - 3 Players Forward
Forward Time % Phy DF OF
1 Craig Adams 60 1 2 2
2 Chad Larose 40 1 2 2
Penalty Kill - 3 Players Defense
Defense Defense Time % Phy DF OF
1 Jay Bouwmeester Tom Poti 60 1 2 2
2 Kurt Sauer Jiri Fischer 40 1 2 2
4 vs 4 Forward
Center Wing Time % Phy DF OF
1 Tim Connolly Marian Gaborik 60 1 2 2
2 Frans Nielsen Brenden Morrow 40 1 2 2
4 vs 4 Defense
Defense Defense Time % Phy DF OF
1 Jay Bouwmeester Christian Ehrhoff 60 1 2 2
2 Denis Grebeshkov Tom Poti 40 1 2 2
Last Minutes Offensive
Center Left Wing Right Wing Defense Defense
Tim Connolly Brenden Morrow Marian Gaborik Jay Bouwmeester Tom Poti
Last Minutes Defensive
Center Left Wing Right Wing Defense Defense
Chad Larose Drew Miller Craig Adams Kurt Sauer Jiri Fischer
Goaltenders
Starting : Jean-Sébastien Giguère
Backup : Peter Budaj
Extra Forwards
Normal : Chad Larose, Drew Miller, Craig Adams - PP : Chad Larose, Drew Miller - PK : Craig Adams
Extra Defensemen
Normal : Denis Grebeshkov, Jiri Fischer, Christian Ehrhoff - PP : Denis Grebeshkov - PK : Jiri Fischer, Christian Ehrhoff
Penalty Shots
Marian Gaborik, Brenden Morrow, Tim Connolly, Frans Nielsen, Sergei Samsonov
Predators
5 vs 5 Forward
Center Left Wing Right Wing Time % Phy DF OF
1 Joe Thornton Alexander Ovechkin Mikael Samuelsson 40 1 2 2
2 Mike Ribeiro Alexander Steen Jean-Pierre Dumont 30 1 2 2
3 Mike Sillinger Oleg Saprykin Mariusz Czerkawski 20 1 2 2
4 Todd White Chris Simon Richard Park 10 1 2 2
5 vs 5 Defense
Defense Defense Time % Phy DF OF
1 Adrian Aucoin Robyn Regehr 40 1 2 2
2 Janne Niinimaa Kent Huskins 30 1 2 2
3 Barret Jackman Paul Mara 20 1 2 2
4 Adrian Aucoin Robyn Regehr 10 1 2 2
PowerPlay Forward
Center Left Wing Right Wing Time % Phy DF OF
1 Joe Thornton Alexander Ovechkin Jean-Pierre Dumont 60 1 2 2
2 Mike Ribeiro Alexander Steen Mikael Samuelsson 40 1 2 2
PowerPlay Defense
Defense Defense Time % Phy DF OF
1 Adrian Aucoin Robyn Regehr 60 1 2 2
2 Janne Niinimaa Kent Huskins 40 1 2 2
Penalty Kill 4 Players Forward
Center Wing Time % Phy DF OF
1 Mike Sillinger Oleg Saprykin 60 1 2 2
2 Todd White Jean-Pierre Dumont 40 1 2 2
Penalty Kill 4 Players Defense
Defense Defense Time % Phy DF OF
1 Adrian Aucoin Robyn Regehr 60 1 2 2
2 Barret Jackman Kent Huskins 40 1 2 2
Penalty Kill - 3 Players Forward
Forward Time % Phy DF OF
1 Todd White 60 1 2 2
2 Mike Sillinger 40 1 2 2
Penalty Kill - 3 Players Defense
Defense Defense Time % Phy DF OF
1 Adrian Aucoin Robyn Regehr 60 1 2 2
2 Barret Jackman Kent Huskins 40 1 2 2
4 vs 4 Forward
Center Wing Time % Phy DF OF
1 Alexander Ovechkin Joe Thornton 60 1 2 2
2 Mike Ribeiro Jean-Pierre Dumont 40 1 2 2
4 vs 4 Defense
Defense Defense Time % Phy DF OF
1 Adrian Aucoin Robyn Regehr 60 1 2 2
2 Janne Niinimaa Kent Huskins 40 1 2 2
Last Minutes Offensive
Center Left Wing Right Wing Defense Defense
Joe Thornton Alexander Ovechkin Jean-Pierre Dumont Adrian Aucoin Robyn Regehr
Last Minutes Defensive
Center Left Wing Right Wing Defense Defense
Joe Thornton Alexander Ovechkin Jean-Pierre Dumont Adrian Aucoin Robyn Regehr
Goaltenders
Starting : Rick DiPietro
Backup : Nikolai Khabibulin
Extra Forwards
Normal : Mike Sillinger, Oleg Saprykin, Todd White - PP : Mike Sillinger, Oleg Saprykin - PK : Todd White
Extra Defensemen
Normal : Barret Jackman, Paul Mara, Adrian Aucoin - PP : Barret Jackman - PK : Paul Mara, Barret Jackman
Penalty Shots
Alexander Ovechkin, Joe Thornton, Mike Ribeiro, Jean-Pierre Dumont, Chris Simon
% Time on Ice - Coyotes
Lines # - Real PCT - Wanted PCT - Time Play
Normal Forward
1 - 39% - 40% - 13:20
2 - 24% - 30% - 8:10
3 - 18% - 20% - 6:09
4 - 19% - 10% - 6:21
Normal Defense
1 - 46% - 40% - 15:47
2 - 36% - 30% - 12:11
3 - 18% - 20% - 6:02
4 - 0% - 10% - 0:00
PP Forward
1 - 62% - 60% - 5:01
2 - 38% - 40% - 3:03
PP Defense
1 - 53% - 60% - 4:18
2 - 47% - 40% - 3:46
PK Forward
1 - 66% - 60% - 11:52
2 - 34% - 40% - 6:04
PK Defense
1 - 71% - 60% - 12:41
2 - 29% - 40% - 5:15
PK3 Forward
1 - 0% - 60%
2 - 0% - 40%
PK3 Defense
1 - 0% - 60%
2 - 0% - 40%
44 Forward
1 - 0% - 60%
2 - 0% - 40%
44 Defense
1 - 0% - 60%
2 - 0% - 40%
Last Minute Offensive - 0:00
Last Minute Defensive - 0:00
Total
Forward - 60:00
Defense - 60:00
|
% Time on Ice - Predators
Lines # - Real PCT - Wanted PCT - Time Play
Normal Forward
1 - 35% - 40% - 12:03
2 - 24% - 30% - 8:17
3 - 22% - 20% - 7:35
4 - 18% - 10% - 6:05
Normal Defense
1 - 46% - 40% - 15:36
2 - 35% - 30% - 11:46
3 - 19% - 20% - 6:27
4 - 1% - 10% - 0:11
PP Forward
1 - 55% - 60% - 9:53
2 - 45% - 40% - 8:03
PP Defense
1 - 58% - 60% - 10:24
2 - 42% - 40% - 7:32
PK Forward
1 - 74% - 60% - 5:50
2 - 26% - 40% - 2:02
PK Defense
1 - 65% - 60% - 5:08
2 - 35% - 40% - 2:44
PK3 Forward
1 - 100% - 60% - 0:12
2 - 0% - 40% - 0:00
PK3 Defense
1 - 100% - 60% - 0:12
2 - 0% - 40% - 0:00
44 Forward
1 - 0% - 60%
2 - 0% - 40%
44 Defense
1 - 0% - 60%
2 - 0% - 40%
Last Minute Offensive - 0:00
Last Minute Defensive - 0:00
Total
Forward - 60:00
Defense - 60:00
|
Play by Play
1st period
0:01 of 1st period - Joe Thornton wins face-off versus Tim Connolly in neutral zone.
0:12 of 1st period - Snap shot by Joe Thornton.
0:12 of 1st period - Shot Misses the Net.
0:26 of 1st period - Frans Nielsen is hit by Mike Ribeiro and loses puck.
1:15 of 1st period - Minor Penalty to Richard Park for Tripping.
1:16 of 1st period - Tim Connolly wins face-off versus Mike Sillinger in Predators zone.
1:23 of 1st period - Snap shot by Marian Gaborik.
1:23 of 1st period - Shot Misses the Net.
1:27 of 1st period - Slapshot by Tim Connolly.
1:27 of 1st period - Shot Misses the Net.
1:29 of 1st period - Snap shot by Christian Ehrhoff.
1:29 of 1st period - Shot Misses the Net.
2:13 of 1st period - Kent Huskins is hit by Tom Poti and loses puck.
3:03 of 1st period - Frans Nielsen is hit by Joe Thornton and loses puck.
3:15 of 1st period - Penalty to Richard Park is over, Richard Park is back on ice.
3:34 of 1st period - Slapshot by Adrian Aucoin.
3:34 of 1st period - Stopped by Jean-Sébastien Giguère without a rebound.
3:35 of 1st period - Joe Thornton wins face-off versus Maxim Lapierre in Coyotes zone.
4:02 of 1st period - Snap shot by Mike Sillinger.
4:02 of 1st period - Stopped by Jean-Sébastien Giguère without a rebound.
4:03 of 1st period - Mike Sillinger wins face-off versus Chad Larose in Coyotes zone.
4:33 of 1st period - Slapshot by Oleg Saprykin.
4:33 of 1st period - Shot Blocked by Tom Poti.
5:03 of 1st period - Snap shot by Oleg Saprykin.
5:03 of 1st period - Stopped by Jean-Sébastien Giguère with a rebound.
5:05 of 1st period - Slapshot by Kent Huskins.
5:05 of 1st period - Stopped by Jean-Sébastien Giguère without a rebound.
5:06 of 1st period - Tim Connolly wins face-off versus Joe Thornton in Coyotes zone.
5:58 of 1st period - Backhand shot by Todd White.
5:58 of 1st period - Deflect By Jiri Fischer.
5:58 of 1st period - Shot Blocked by Jiri Fischer.
5:58 of 1st period - Puck is out of play.
5:59 of 1st period - Todd White wins face-off versus Tim Connolly in Coyotes zone.
6:30 of 1st period - Minor Penalty to Jay Bouwmeester for Holding Stick.
6:31 of 1st period - Joe Thornton wins face-off versus Craig Adams in Coyotes zone.
6:38 of 1st period - Slapshot by Alexander Ovechkin.
6:38 of 1st period - Stopped by Jean-Sébastien Giguère with a rebound.
6:44 of 1st period - Wrist shot by Joe Thornton.
6:44 of 1st period - Stopped by Jean-Sébastien Giguère with a rebound.
8:30 of 1st period - Penalty to Jay Bouwmeester is over, Jay Bouwmeester is back on ice.
8:40 of 1st period - Christian Ehrhoff is hit by Chris Simon and loses puck.
10:17 of 1st period - Icing by Denis Grebeshkov.
10:18 of 1st period - Frans Nielsen wins face-off versus Mike Ribeiro in Coyotes zone.
10:31 of 1st period - Icing by Jay Bouwmeester.
10:32 of 1st period - Joe Thornton wins face-off versus Chad Larose in Coyotes zone.
10:56 of 1st period - Slapshot by Jay Bouwmeester.
10:56 of 1st period - Shot Misses the Net.
10:58 of 1st period - Snap shot by Chad Larose.
10:58 of 1st period - Stopped by Rick DiPietro without a rebound.
10:59 of 1st period - Tim Connolly wins face-off versus Mike Ribeiro in Predators zone.
12:07 of 1st period - Snap shot by Chad Larose.
12:07 of 1st period - Stopped by Rick DiPietro without a rebound.
12:08 of 1st period - Chad Larose wins face-off versus Mike Ribeiro in Predators zone.
12:14 of 1st period - Minor Penalty to Chad Larose for Tripping.
12:15 of 1st period - Joe Thornton wins face-off versus Craig Adams in Coyotes zone.
12:24 of 1st period - Snap shot by Joe Thornton.
12:24 of 1st period - Stopped by Jean-Sébastien Giguère without a rebound.
12:25 of 1st period - Frans Nielsen wins face-off versus Joe Thornton in Coyotes zone.
13:27 of 1st period - Snap shot by Alexander Ovechkin.
13:27 of 1st period - Shot Blocked by Brenden Morrow.
13:29 of 1st period - Snap shot by Joe Thornton.
13:29 of 1st period - Shot Misses the Net.
13:31 of 1st period - Slapshot by Adrian Aucoin.
13:31 of 1st period - Stopped by Jean-Sébastien Giguère with a rebound.
13:33 of 1st period - Slapshot by Jean-Pierre Dumont.
13:33 of 1st period - Stopped by Jean-Sébastien Giguère without a rebound.
13:34 of 1st period - Mike Ribeiro wins face-off versus Frans Nielsen in Coyotes zone.
13:37 of 1st period - Wrist shot by Mikael Samuelsson.
13:37 of 1st period - Stopped by Jean-Sébastien Giguère with a rebound.
13:39 of 1st period - Slapshot by Janne Niinimaa.
13:39 of 1st period - Shot Blocked by Tom Poti.
13:41 of 1st period - Snap shot by Kent Huskins.
13:41 of 1st period - Stopped by Jean-Sébastien Giguère with a rebound.
13:43 of 1st period - Slapshot by Kent Huskins.
13:43 of 1st period - Stopped by Jean-Sébastien Giguère with a rebound.
13:45 of 1st period - Snap shot by Kent Huskins.
13:45 of 1st period - Shot Blocked by Jay Bouwmeester.
14:14 of 1st period - Penalty to Chad Larose is over, Chad Larose is back on ice.
14:26 of 1st period - Snap shot by Chad Larose.
14:26 of 1st period - Shot Misses the Net.
14:46 of 1st period - Paul Mara is hit by Riley Cote and loses puck.
14:55 of 1st period - Snap shot by Chad Larose.
14:55 of 1st period - Stopped by Rick DiPietro with a rebound.
15:41 of 1st period - Minor Penalty to Frans Nielsen for Slashing.
15:42 of 1st period - Joe Thornton wins face-off versus Chad Larose in Coyotes zone.
17:41 of 1st period - Penalty to Frans Nielsen is over, Frans Nielsen is back on ice.
17:54 of 1st period - Slapshot by Tim Connolly.
17:54 of 1st period - Stopped by Rick DiPietro with a rebound.
17:56 of 1st period - Slapshot by Frans Nielsen.
17:56 of 1st period - Shot Misses the Net.
18:00 of 1st period - Slapshot by Frans Nielsen.
18:00 of 1st period - Shot Misses the Net.
18:16 of 1st period - Slapshot by Alexander Steen.
18:16 of 1st period - Stopped by Jean-Sébastien Giguère without a rebound.
18:17 of 1st period - Chad Larose wins face-off versus Mike Sillinger in Coyotes zone.
18:41 of 1st period - Off-side.
18:42 of 1st period - Brenden Morrow wins face-off versus Todd White in neutral zone.
18:48 of 1st period - Off-side.
18:49 of 1st period - Todd White wins face-off versus Tim Connolly in neutral zone.
19:12 of 1st period - Minor Penalty to Marian Gaborik for Hooking.
19:13 of 1st period - Chad Larose wins face-off versus Joe Thornton in Coyotes zone.
19:13 of 1st period - Chad Larose is hit by Joe Thornton.
19:39 of 1st period - Adrian Aucoin is hit by Jay Bouwmeester and loses puck.
2nd period
0:01 of 2nd period - Joe Thornton wins face-off versus Chad Larose in neutral zone.
0:26 of 2nd period - Robyn Regehr is hit by Frans Nielsen and loses puck.
0:35 of 2nd period - Wrist shot by Adrian Aucoin.
0:35 of 2nd period - Stopped by Jean-Sébastien Giguère without a rebound.
0:36 of 2nd period - Chad Larose wins face-off versus Joe Thornton in Coyotes zone.
0:36 of 2nd period - Chad Larose is hit by Alexander Ovechkin.
1:12 of 2nd period - Penalty to Marian Gaborik is over, Marian Gaborik is back on ice.
1:59 of 2nd period - Snap shot by Joe Thornton.
1:59 of 2nd period - Deflect By Mikael Samuelsson.
1:59 of 2nd period - Shot Misses the Net.
1:59 of 2nd period - Puck is out of play.
2:00 of 2nd period - Chad Larose wins face-off versus Joe Thornton in Coyotes zone.
2:40 of 2nd period - Snap shot by Joe Thornton.
2:40 of 2nd period - Stopped by Jean-Sébastien Giguère with a rebound.
3:00 of 2nd period - Denis Grebeshkov is hit by Kent Huskins and loses puck.
3:23 of 2nd period - Wrist shot by Chad Larose.
3:23 of 2nd period - Goal by Chad Larose - Coyotes : 1 - Predators : 0.
3:24 of 2nd period - Mike Ribeiro wins face-off versus Tim Connolly in neutral zone.
3:29 of 2nd period - Snap shot by Mike Ribeiro.
3:29 of 2nd period - Goal by Mike Ribeiro - Coyotes : 1 - Predators : 1.
3:30 of 2nd period - Tim Connolly wins face-off versus Mike Ribeiro in neutral zone.
3:38 of 2nd period - Minor Penalty to Jay Bouwmeester for Tripping.
3:39 of 2nd period - Joe Thornton wins face-off versus Chad Larose in Coyotes zone.
4:08 of 2nd period - Wrist shot by Frans Nielsen.
4:08 of 2nd period - Shot Blocked by Adrian Aucoin.
4:10 of 2nd period - Slapshot by Jiri Fischer.
4:10 of 2nd period - Shot Misses the Net.
4:12 of 2nd period - Slapshot by Tom Poti.
4:12 of 2nd period - Stopped by Rick DiPietro without a rebound.
4:13 of 2nd period - Joe Thornton wins face-off versus Frans Nielsen in Predators zone.
4:24 of 2nd period - Kent Huskins is hit by Jiri Fischer and loses puck.
5:38 of 2nd period - Penalty to Jay Bouwmeester is over, Jay Bouwmeester is back on ice.
5:55 of 2nd period - Minor Penalty to Mariusz Czerkawski for Interference.
5:56 of 2nd period - Mike Sillinger wins face-off versus Tim Connolly in Predators zone.
5:56 of 2nd period - Mike Sillinger is hit by Christian Ehrhoff.
6:12 of 2nd period - Slapshot by Jay Bouwmeester.
6:12 of 2nd period - Stopped by Rick DiPietro with a rebound.
7:37 of 2nd period - Icing by Marian Gaborik.
7:38 of 2nd period - Joe Thornton wins face-off versus Tim Connolly in Coyotes zone.
7:55 of 2nd period - Penalty to Mariusz Czerkawski is over, Mariusz Czerkawski is back on ice.
8:11 of 2nd period - Slapshot by Alexander Steen.
8:11 of 2nd period - Stopped by Jean-Sébastien Giguère without a rebound.
8:12 of 2nd period - Joe Thornton wins face-off versus Maxim Lapierre in Coyotes zone.
8:27 of 2nd period - Slapshot by Joe Thornton.
8:27 of 2nd period - Stopped by Jean-Sébastien Giguère without a rebound.
8:28 of 2nd period - Mike Ribeiro wins face-off versus Tim Connolly in Coyotes zone.
8:33 of 2nd period - Snap shot by Mike Ribeiro.
8:33 of 2nd period - Shot Blocked by Brenden Morrow.
8:35 of 2nd period - Snap shot by Jean-Pierre Dumont.
8:35 of 2nd period - Deflect By Alexander Steen.
8:35 of 2nd period - Shot Blocked by Tim Connolly.
8:35 of 2nd period - Puck is out of play.
8:36 of 2nd period - Tim Connolly wins face-off versus Mike Ribeiro in Coyotes zone.
8:38 of 2nd period - Icing by Brenden Morrow.
8:39 of 2nd period - Joe Thornton wins face-off versus Tim Connolly in Coyotes zone.
8:48 of 2nd period - Snap shot by Joe Thornton.
8:48 of 2nd period - Stopped by Jean-Sébastien Giguère with a rebound.
8:50 of 2nd period - Snap shot by Robyn Regehr.
8:50 of 2nd period - Stopped by Jean-Sébastien Giguère without a rebound.
8:51 of 2nd period - Tim Connolly wins face-off versus Joe Thornton in Coyotes zone.
8:59 of 2nd period - Christian Ehrhoff is hit by Adrian Aucoin and loses puck.
9:05 of 2nd period - Minor Penalty to Alexander Ovechkin for Hooking.
9:06 of 2nd period - Mike Sillinger wins face-off versus Tim Connolly in Predators zone.
9:06 of 2nd period - Mike Sillinger is hit by Tim Connolly.
9:11 of 2nd period - Minor Penalty to Oleg Saprykin for Hooking.
9:12 of 2nd period - Tim Connolly wins face-off versus Todd White in Predators zone.
9:23 of 2nd period - Backhand shot by Jay Bouwmeester.
9:23 of 2nd period - Goal by Jay Bouwmeester - Coyotes : 2 - Predators : 1.
9:24 of 2nd period - Tim Connolly wins face-off versus Mike Sillinger in neutral zone.
9:57 of 2nd period - Backhand shot by Sergei Samsonov.
9:57 of 2nd period - Stopped by Rick DiPietro with a rebound.
9:59 of 2nd period - Wrist shot by Sergei Samsonov.
9:59 of 2nd period - Deflect By Frans Nielsen.
9:59 of 2nd period - Goal by Frans Nielsen - Coyotes : 3 - Predators : 1.
10:00 of 2nd period - Joe Thornton wins face-off versus Tim Connolly in neutral zone.
10:27 of 2nd period - Sergei Samsonov is hit by Jean-Pierre Dumont and loses puck.
10:54 of 2nd period - Adrian Aucoin is hit by Denis Grebeshkov and loses puck.
11:17 of 2nd period - Wrist shot by Joe Thornton.
11:17 of 2nd period - Stopped by Jean-Sébastien Giguère with a rebound.
11:33 of 2nd period - Todd White is hit by Brenden Morrow and loses puck.
11:47 of 2nd period - Minor Penalty to Christian Ehrhoff for Hooking.
11:48 of 2nd period - Joe Thornton wins face-off versus Chad Larose in Coyotes zone.
11:53 of 2nd period - Snap shot by Alexander Ovechkin.
11:53 of 2nd period - Shot Misses the Net.
12:20 of 2nd period - Snap shot by Drew Miller.
12:20 of 2nd period - Stopped by Rick DiPietro with a rebound.
13:03 of 2nd period - Kent Huskins is hit by Craig Adams and loses puck.
13:40 of 2nd period - Brenden Morrow is hit by Mike Ribeiro and loses puck.
13:47 of 2nd period - Penalty to Christian Ehrhoff is over, Christian Ehrhoff is back on ice.
14:14 of 2nd period - Wrist shot by Chris Simon.
14:14 of 2nd period - Deflect By Todd White.
14:14 of 2nd period - Stopped by Jean-Sébastien Giguère without a rebound.
14:15 of 2nd period - Todd White wins face-off versus Tim Connolly in Coyotes zone.
14:18 of 2nd period - Snap shot by Todd White.
14:18 of 2nd period - Goal by Todd White - Coyotes : 3 - Predators : 2.
14:19 of 2nd period - Joe Thornton wins face-off versus Frans Nielsen in neutral zone.
15:22 of 2nd period - Snap shot by Drew Miller.
15:22 of 2nd period - Stopped by Rick DiPietro with a rebound.
15:32 of 2nd period - Kent Huskins is hit by Frans Nielsen and loses puck.
16:11 of 2nd period - Wrist shot by Alexander Ovechkin.
16:11 of 2nd period - Stopped by Jean-Sébastien Giguère without a rebound.
16:12 of 2nd period - Joe Thornton wins face-off versus Jamal Mayers in Coyotes zone.
16:18 of 2nd period - Jay Bouwmeester is hit by Paul Mara and loses puck.
16:20 of 2nd period - Joe Thornton and Jamal Mayers fight to a draw.
16:20 of 2nd period - Penalty to Joe Thornton for Fighting.
16:20 of 2nd period - Penalty to Jamal Mayers for Fighting.
16:21 of 2nd period - Mike Sillinger wins face-off versus Tim Connolly in Predators zone.
16:40 of 2nd period - Icing by Mikael Samuelsson.
16:41 of 2nd period - Mike Sillinger wins face-off versus Frans Nielsen in Predators zone.
16:41 of 2nd period - Mike Sillinger is hit by Sergei Samsonov.
16:51 of 2nd period - Frans Nielsen is hit by Alexander Ovechkin and loses puck.
16:55 of 2nd period - Icing by Christian Ehrhoff.
16:56 of 2nd period - Mike Ribeiro wins face-off versus Chad Larose in Coyotes zone.
16:59 of 2nd period - Snap shot by Jean-Pierre Dumont.
16:59 of 2nd period - Stopped by Jean-Sébastien Giguère with a rebound.
17:04 of 2nd period - Minor Penalty to Chad Larose for Holding.
17:05 of 2nd period - Mike Sillinger wins face-off versus Frans Nielsen in Coyotes zone.
17:12 of 2nd period - Wrist shot by Alexander Ovechkin.
17:12 of 2nd period - Shot Blocked by Tom Poti.
17:14 of 2nd period - Wrist shot by Mike Sillinger.
17:14 of 2nd period - Goal by Mike Sillinger - Coyotes : 3 - Predators : 3.
17:15 of 2nd period - Mike Sillinger wins face-off versus Tim Connolly in neutral zone.
17:30 of 2nd period - Mike Sillinger is hit by Christian Ehrhoff.
17:50 of 2nd period - Snap shot by Christian Ehrhoff.
17:50 of 2nd period - Deflect By Mike Ribeiro.
17:50 of 2nd period - Stopped by Rick DiPietro with a rebound.
18:23 of 2nd period - Minor Penalty to Kent Huskins for Holding Stick.
18:24 of 2nd period - Tim Connolly wins face-off versus Mike Sillinger in Predators zone.
18:56 of 2nd period - Slapshot by Marian Gaborik.
18:56 of 2nd period - Stopped by Rick DiPietro with a rebound.
18:58 of 2nd period - Slapshot by Tim Connolly.
18:58 of 2nd period - Shot Misses the Net.
19:06 of 2nd period - Wrist shot by Marian Gaborik.
19:06 of 2nd period - Shot Misses the Net.
19:08 of 2nd period - Slapshot by Marian Gaborik.
19:08 of 2nd period - Shot Blocked by Adrian Aucoin.
19:10 of 2nd period - Slapshot by Denis Grebeshkov.
19:10 of 2nd period - Shot Misses the Net.
19:12 of 2nd period - Slapshot by Denis Grebeshkov.
19:12 of 2nd period - Shot Misses the Net.
19:14 of 2nd period - Snap shot by Tim Connolly.
19:14 of 2nd period - Shot Misses the Net.
19:16 of 2nd period - Slapshot by Tom Poti.
19:16 of 2nd period - Shot Misses the Net.
19:18 of 2nd period - Wrist shot by Marian Gaborik.
19:18 of 2nd period - Shot Misses the Net.
19:20 of 2nd period - Snap shot by Tim Connolly.
19:20 of 2nd period - Goal by Tim Connolly - Coyotes : 4 - Predators : 3.
19:21 of 2nd period - Mike Sillinger wins face-off versus Frans Nielsen in neutral zone.
19:36 of 2nd period - Wrist shot by Frans Nielsen.
19:36 of 2nd period - Stopped by Rick DiPietro with a rebound.
3rd period
0:01 of 3rd period - Alexander Ovechkin wins face-off versus Tim Connolly in neutral zone.
0:38 of 3rd period - Wrist shot by Robyn Regehr.
0:38 of 3rd period - Shot Blocked by Sergei Samsonov.
1:15 of 3rd period - Minor Penalty to Paul Mara for Tripping.
1:16 of 3rd period - Tim Connolly wins face-off versus Mike Sillinger in Predators zone.
1:20 of 3rd period - Penalty to Joe Thornton is over, Joe Thornton is back on ice.
1:29 of 3rd period - Slapshot by Tim Connolly.
1:29 of 3rd period - Shot Blocked by Robyn Regehr.
1:31 of 3rd period - Slapshot by Tom Poti.
1:31 of 3rd period - Goal by Tom Poti - Coyotes : 5 - Predators : 3.
1:31 of 3rd period - Nikolai Khabibulin enters game.
1:32 of 3rd period - Joe Thornton wins face-off versus Tim Connolly in neutral zone.
1:57 of 3rd period - Jamal Mayers is hit by Mike Ribeiro and loses puck.
2:18 of 3rd period - Wrist shot by Oleg Saprykin.
2:18 of 3rd period - Shot Blocked by Drew Miller.
2:39 of 3rd period - Icing by Mike Sillinger.
2:40 of 3rd period - Mikael Samuelsson wins face-off versus Tim Connolly in Predators zone.
3:13 of 3rd period - Wrist shot by Mike Ribeiro.
3:13 of 3rd period - Stopped by Jean-Sébastien Giguère without a rebound.
3:14 of 3rd period - Mike Ribeiro wins face-off versus Frans Nielsen in Coyotes zone.
3:40 of 3rd period - Minor Penalty to Joe Thornton for Boarding.
3:41 of 3rd period - Tim Connolly wins face-off versus Oleg Saprykin in Predators zone.
4:06 of 3rd period - Oleg Saprykin is hit by Frans Nielsen and loses puck.
5:40 of 3rd period - Penalty to Joe Thornton is over, Joe Thornton is back on ice.
5:48 of 3rd period - Minor Penalty to Drew Miller for Roughing.
5:49 of 3rd period - Chad Larose wins face-off versus Joe Thornton in Coyotes zone.
5:59 of 3rd period - Off-side.
6:00 of 3rd period - Chad Larose wins face-off versus Joe Thornton in neutral zone.
6:20 of 3rd period - Tom Poti is hit by Adrian Aucoin and loses puck.
6:41 of 3rd period - Wrist shot by Adrian Aucoin.
6:41 of 3rd period - Deflect By Tom Poti.
6:41 of 3rd period - Stopped by Jean-Sébastien Giguère without a rebound.
6:42 of 3rd period - Joe Thornton wins face-off versus Chad Larose in Coyotes zone.
7:15 of 3rd period - Snap shot by Mike Ribeiro.
7:15 of 3rd period - Shot Misses the Net.
7:48 of 3rd period - Penalty to Drew Miller is over, Drew Miller is back on ice.
8:37 of 3rd period - Paul Mara is hit by Craig Adams and loses puck.
8:54 of 3rd period - Snap shot by Mike Ribeiro.
8:54 of 3rd period - Stopped by Jean-Sébastien Giguère with a rebound.
9:31 of 3rd period - Wrist shot by Oleg Saprykin.
9:31 of 3rd period - Shot Misses the Net.
9:45 of 3rd period - Marian Gaborik is hit by Janne Niinimaa and loses puck.
10:16 of 3rd period - Sergei Samsonov is hit by Alexander Steen and loses puck.
10:35 of 3rd period - Denis Grebeshkov is hit by Mariusz Czerkawski and loses puck.
11:00 of 3rd period - Snap shot by Tim Connolly.
11:00 of 3rd period - Shot Blocked by Robyn Regehr.
11:02 of 3rd period - Slapshot by Marian Gaborik.
11:02 of 3rd period - Stopped by Nikolai Khabibulin without a rebound.
11:03 of 3rd period - Joe Thornton wins face-off versus Tim Connolly in Predators zone.
11:30 of 3rd period - Snap shot by Jean-Pierre Dumont.
11:30 of 3rd period - Shot Misses the Net.
11:32 of 3rd period - Snap shot by Alexander Steen.
11:32 of 3rd period - Stopped by Jean-Sébastien Giguère with a rebound.
11:34 of 3rd period - Snap shot by Jean-Pierre Dumont.
11:34 of 3rd period - Predators goal is going for a video replay.
11:34 of 3rd period - The goal is good.
11:34 of 3rd period - Goal by Jean-Pierre Dumont - Coyotes : 5 - Predators : 4.
11:35 of 3rd period - Tim Connolly wins face-off versus Joe Thornton in neutral zone.
11:38 of 3rd period - Slapshot by Brenden Morrow.
11:38 of 3rd period - Shot Misses the Net.
12:02 of 3rd period - Christian Ehrhoff is hit by Adrian Aucoin.
12:12 of 3rd period - Kent Huskins is hit by Marian Gaborik.
12:28 of 3rd period - Wrist shot by Sergei Samsonov.
12:28 of 3rd period - Shot Blocked by Janne Niinimaa.
12:30 of 3rd period - Snap shot by Frans Nielsen.
12:30 of 3rd period - Shot Misses the Net.
12:32 of 3rd period - Wrist shot by Jamal Mayers.
12:32 of 3rd period - Deflect By Frans Nielsen.
12:32 of 3rd period - Shot Hit the Post.
12:32 of 3rd period - Puck is out of play.
12:33 of 3rd period - Frans Nielsen wins face-off versus Joe Thornton in Predators zone.
12:34 of 3rd period - Wrist shot by Jamal Mayers.
12:34 of 3rd period - Stopped by Nikolai Khabibulin without a rebound.
12:35 of 3rd period - Frans Nielsen wins face-off versus Joe Thornton in Predators zone.
12:38 of 3rd period - Wrist shot by Sergei Samsonov.
12:38 of 3rd period - Shot Blocked by Robyn Regehr.
13:25 of 3rd period - Wrist shot by Jean-Pierre Dumont.
13:25 of 3rd period - Shot Blocked by Tom Poti.
13:29 of 3rd period - Snap shot by Jean-Pierre Dumont.
13:29 of 3rd period - Shot Blocked by Tom Poti.
13:31 of 3rd period - Snap shot by Jean-Pierre Dumont.
13:31 of 3rd period - Predators goal is going for a video replay.
13:31 of 3rd period - The goal is refused. The puck has been directed, batted or thrown into the net by an attacking player other than with a stick..
13:32 of 3rd period - Tim Connolly wins face-off versus Mikael Samuelsson in Coyotes zone.
13:45 of 3rd period - Snap shot by Alexander Ovechkin.
13:45 of 3rd period - Shot Blocked by Marian Gaborik.
13:47 of 3rd period - Snap shot by Joe Thornton.
13:47 of 3rd period - Shot Blocked by Jay Bouwmeester.
13:49 of 3rd period - Wrist shot by Alexander Ovechkin.
13:49 of 3rd period - Stopped by Jean-Sébastien Giguère with a rebound.
14:20 of 3rd period - Wrist shot by Drew Miller.
14:20 of 3rd period - Stopped by Nikolai Khabibulin without a rebound.
14:21 of 3rd period - Mike Sillinger wins face-off versus Chad Larose in Predators zone.
14:30 of 3rd period - Wrist shot by Chad Larose.
14:30 of 3rd period - Shot Misses the Net.
14:32 of 3rd period - Snap shot by Jay Bouwmeester.
14:32 of 3rd period - Stopped by Nikolai Khabibulin with a rebound.
14:34 of 3rd period - Wrist shot by Riley Cote.
14:34 of 3rd period - Shot Misses the Net.
14:36 of 3rd period - Slapshot by Christian Ehrhoff.
14:36 of 3rd period - Shot Blocked by Mariusz Czerkawski.
14:49 of 3rd period - Icing by Joe Thornton.
14:50 of 3rd period - Mikael Samuelsson wins face-off versus Tim Connolly in Predators zone.
15:19 of 3rd period - Slapshot by Alexander Ovechkin.
15:19 of 3rd period - Stopped by Jean-Sébastien Giguère with a rebound.
15:44 of 3rd period - Minor Penalty to Denis Grebeshkov for Hooking.
15:45 of 3rd period - Mike Ribeiro wins face-off versus Chad Larose in Coyotes zone.
16:28 of 3rd period - Wrist shot by Frans Nielsen.
16:28 of 3rd period - Shot Misses the Net.
16:32 of 3rd period - Snap shot by Frans Nielsen.
16:32 of 3rd period - Stopped by Nikolai Khabibulin with a rebound.
16:34 of 3rd period - Slapshot by Jay Bouwmeester.
16:34 of 3rd period - Stopped by Nikolai Khabibulin without a rebound.
16:35 of 3rd period - Joe Thornton wins face-off versus Chad Larose in Predators zone.
17:21 of 3rd period - Kurt Sauer is hit by Joe Thornton and loses puck.
17:44 of 3rd period - Penalty to Denis Grebeshkov is over, Denis Grebeshkov is back on ice.
17:54 of 3rd period - Slapshot by Marian Gaborik.
17:54 of 3rd period - Goal by Marian Gaborik - Coyotes : 6 - Predators : 4.
17:55 of 3rd period - Mike Sillinger wins face-off versus Maxim Lapierre in neutral zone.
17:55 of 3rd period - Mike Sillinger is hit by Maxim Lapierre.
18:03 of 3rd period - Wrist shot by Oleg Saprykin.
18:03 of 3rd period - Shot Blocked by Jay Bouwmeester.
18:05 of 3rd period - Slapshot by Kent Huskins.
18:05 of 3rd period - Stopped by Jean-Sébastien Giguère without a rebound.
18:05 of 3rd period - Minor Penalty to Jay Bouwmeester for Hooking.
18:06 of 3rd period - Chad Larose wins face-off versus Joe Thornton in Coyotes zone.
Output by the SimonT Hockey Simulator (STHS) for François Prévost -- Original Page W3C XHTML 1.0 Valid